Cogmind - Beta 16.1 @@@ ROGUE MODE // 2026.03.07 @ 18:45:31 Player: star Result: Destroyed by Y-64 Sentinel with KE Penetrator Performance ------------- Evolutions (5) 2500 Regions Visited (16) 3200 Robots Destroyed (226) 1130 Value Destroyed (10004) 10004 Prototype IDs (21) 420 Alien Tech Used (0) 0 Bonus (1719) 1719 TOTAL SCORE: 18973 Bonus ------- High Alert Combat Kills 675 Follower Combat Kills 464 Entered Garrisons 400 Met Data Miner 300 Acquired ECA 300 Friendly Fire -420 Cogmind --------- Core Integrity 0/1000 Matter 293/300 Energy 53/100 System Corruption 54% Temperature Cool (9) Movement Core (350) Ox6 Location -5/Factory Parts ------- > --- POWER (2) -------- (None) > --- PROPULSION (6) --- (None) > --- UTILITY (5) ------ Large Storage Unit Advanced Melee Analysis Suite > --- WEAPON (4) ------- (None) > --- INVENTORY (15) --- Improved Weapon Cycler Actuator Array Actuator Array Actuator Array Improved Thermal Shield Improved Component Analysis Suite Improved Proton Missile Launcher Improved Datajack Improved Remote Datajack Molecular Deconstructor Peak State ------------ > --- POWER ------------ Improved Deuterium Engine Fission Core > --- PROPULSION ------- Gravmag Array Gravmag Array Combat Gravmag System Combat Gravmag System > --- UTILITY ---------- Large Storage Unit Improved Signal Interpreter Advanced Melee Analysis Suite Weapon Cycler Improved Hacking Suite > --- WEAPON ----------- Improved Proton Missile Launcher Greatsword Power Sword > --- INVENTORY -------- Gravmag Array Gravmag Array Launcher Loader Improved Thermal Shield Improved Component Analysis Suite Improved Proton Missile Launcher Improved Datajack Molecular Deconstructor Powered Hammer [Rating: 84] Favorites ----------- Power Improved Deuterium Engine Engine Improved Deuterium Engine Power Core Fission Core Reactor Antimatter Reactor Propulsion Medium Treads Treads Medium Treads Leg Carbon-fiber Leg Wheel Wheel Hover Unit Gravmag Array Utility Targeting Computer Device Weapon Cycler Storage Huge Storage Unit Processor Targeting Computer Hackware Improved Hacking Suite Protection Hardened Medium Armor Plating Weapon Minigun Energy Gun Improved Medium Laser Ballistic Gun Minigun Launcher Heavy Missile Launcher Special Weapon Molecular Deconstructor Impact Weapon Powered Hammer Slashing Weapon Power Sword Special Melee Weapon Improved Datajack Build | -11 -10 -9 -8 -7 -7 -7 -7 -7 -7 -6 -6 -6 -6 -5 -5 -5 ------- Run | Yrd Mat Mat Mat Fac Gar Fac Low Low Dat Pro Fac Was Fac Fac Gar Fac Slots Evolved 10 | . . 2 2 2 . . . . . . 2 . . 2 . . Power 1 | . . . . . . . . . . . . . . 1 . . Propulsion 4 | . . . 1 1 . . . . . . 1 . . 1 . . Utility 3 | . . . 1 1 . . . . . . 1 . . . . . Weapon 2 | . . 2 . . . . . . . . . . . . . . Parts Attached 166 | 6 1 24 15 11 23 3 5 1 . 3 7 17 20 9 15 6 Power 18 | 1 . 3 1 1 3 . . . . . . 2 3 1 3 . Engine 12 | 1 . 3 1 1 3 . . . . . . . 2 1 . . Core 4 | . . . . . . . . . . . . 1 1 . 2 . Reactor 2 | . . . . . . . . . . . . 1 . . 1 . Propulsion 52 | 2 . 8 5 3 8 2 1 . . . 4 5 6 3 2 3 Treads 27 | . . 2 4 3 6 2 1 . . . . 5 4 . . . Leg 4 | . . . . . . . . . . . 4 . . . . . Wheel 11 | 2 . 6 1 . 2 . . . . . . . . . . . Hover 10 | . . . . . . . . . . . . . 2 3 2 3 Flight . | . . . . . . . . . . . . . . . . . Utility 38 | 1 1 1 2 2 4 1 3 . . . 1 4 7 4 4 3 Device 23 | . . . 1 2 3 . 3 . . . . 3 3 3 3 2 Storage 3 | 1 1 . . . . . . . . . . . 1 . . . Processor 7 | . . 1 1 . 1 1 . . . . . . 1 1 1 . Hackware 3 | . . . . . . . . . . . . . 2 . . 1 Protection 2 | . . . . . . . . . . . 1 1 . . . . Artifact . | . . . . . . . . . . . . . . . . . Weapon 58 | 2 . 12 7 5 8 . 1 1 . 3 2 6 4 1 6 . Energy Gun 20 | 2 . 7 4 2 . . . . . . . 4 1 . . . Energy Cannon . | . . . . . . . . . . . . . . . . . Ballistic Gun 24 | . . 5 3 3 6 . 1 1 . 1 2 . 2 . . . Ballistic Cannon . | . . . . . . . . . . . . . . . . . Launcher 5 | . . . . . . . . . . 1 . 2 . . 2 . Special Weapon 1 | . . . . . . . . . . 1 . . . . . . Impact Weapon 1 | . . . . . . . . . . . . . 1 . . . Slashing Weapon 6 | . . . . . 2 . . . . . . . . 1 3 . Piercing Weapon . | . . . . . . . . . . . . . . . . . Special Melee Weapon 1 | . . . . . . . . . . . . . . . 1 . Unidentified Prototypes 11 | . . 4 1 . 1 . . . . 1 . 2 . 2 . . Corrupted Parts 5 | . . . . . . . . . . . . . . . 5 . System Corruption 45 | . . . . . . . . . . . . . . . 45 . Parts Lost 94 | . . 5 13 2 9 . 2 . . 10 4 7 15 1 12 14 Power 12 | . . . 1 1 1 . . . . . 2 1 1 . 3 2 Propulsion 34 | . . 4 4 1 4 . 1 . . 5 . 1 5 . 2 7 Utility 14 | . . . . . 2 . . . . . . 2 3 1 3 3 Weapon 34 | . . 1 8 . 2 . 1 . . 5 2 3 6 . 4 2 Highest Loss Streak 9 | . . 2 9 1 3 . 1 . . 5 4 7 7 1 5 9 To Critical Strikes . | . . . . . . . . . . . . . . . . . Average Backups 18 | 1 6 16 19 23 24 25 24 23 24 22 18 3 5 9 7 10 Power 1 | . 2 3 2 1 1 2 2 2 2 2 1 . . . . . Propulsion 1 | . 1 5 3 3 2 3 1 1 1 . . . 1 2 . 1 Utility 6 | . 1 2 3 5 10 11 10 10 10 9 8 1 . 3 3 4 Weapon 7 | . 1 6 10 13 10 9 9 9 10 9 7 1 1 3 3 2 Tool/Special . | . . . . . . . . . . . . . . . . . Unused Backups 31 | . . 5 2 3 5 1 . . . 1 5 1 3 . . 5 Power 2 | . . 1 . . . . . . . . . . 1 . . . Propulsion 3 | . . 2 . . . . . . . . . . 1 . . . Utility 13 | . . . . . 1 . . . . 1 5 1 1 . . 4 Weapon 12 | . . 2 2 3 4 1 . . . . . . . . . . Tool/Special 1 | . . . . . . . . . . . . . . . . 1 Average Slot Usage (%) 84 | . 85 96 96 98 90 91 96 100 82 77 46 71 69 69 73 64 Engine 6 | . 14 11 8 6 6 7 7 7 7 7 5 . . 4 1 . Treads 16 | . . . 20 28 21 23 27 30 30 17 . 15 11 . . . Wheel 2 | . 28 20 5 . 2 . . . . . . . . . . . Hover 2 | . . . . . . . . . . . . . 5 17 22 22 Device 6 | . . . 7 14 10 . 6 7 7 7 6 7 10 4 3 1 Storage 6 | . 14 11 9 7 7 7 7 7 7 7 5 . 2 5 5 5 Processor 12 | . . 10 10 7 8 22 15 15 15 15 13 13 13 11 10 10 Energy Gun 6 | . 28 25 22 10 2 . . . . . . 7 7 . . . Ballistic Gun 16 | . . 17 10 19 26 25 30 30 13 18 13 9 2 . . . Slashing Weapon 1 | . . . . . 1 4 . . . . . 5 3 5 8 3 Peak Build Rating 84 | 6 7 21 32 40 65 58 58 50 50 61 50 78 79 79 84 78 Average Rating 47 | 4 6 17 26 37 48 56 52 50 42 46 33 66 56 72 72 67 On Entrance 43 | . 6 7 20 32 40 49 57 50 50 48 33 50 76 62 79 77 Avg Prop Armor Cover (%) 13 | . . 3 15 . 12 . . . . 5 . 17 13 . . 6 Naked Turns . | . . . . . . . . . . . . . . . . . Heaviest Build 108 | 14 94 100 102 103 106 104 108 105 103 106 99 50 39 51 57 55 Greatest Support 170 | 32 32 32 64 84 150 123 123 98 98 98 70 170 170 68 68 68 Greatest Overweight (x) 35 | . 2 9 26 1 5 . 1 1 1 35 32 . 1 . . 6 Average Overweight (x) 1 | . 1 3 5 1 . . . 1 . 4 19 . . . . . Largest Inventory Capacity 25 | 8 25 25 25 25 25 25 25 25 25 25 25 5 15 15 15 15 Average Capacity 21 | 7 23 25 25 25 25 25 25 25 25 25 23 5 8 15 15 15 Most Carried 25 | 2 9 25 25 25 25 25 25 24 25 25 21 5 15 15 14 15 Average Carried 18 | 1 6 16 19 23 24 25 24 23 24 22 19 4 7 13 10 12 Final Capacity 25 | 8 25 25 25 25 25 25 25 25 25 25 5 5 15 15 15 15 Final Carried 25 | 2 9 20 25 25 25 25 23 24 25 21 5 5 15 14 9 11 Class Distribution -------------------- 37% | Scavenger-Gunner 28% | Gunner 17% | Mutant 6% | Scavenger-Tank 4% | Gladiator Dominant Class ---------------- Mutant | -10/Materials Gunner | -9/Materials Scavenger-Gunner | -8/Materials Scavenger-Gunner | -7/Factory Scavenger-Gunner | -7/Garrison Scavenger-Gunner | -7/Factory Gunner | -7/Lower Caves Gunner | -7/Lower Caves Mutant | -7/Data Miner Gunner | -6/Proximity Caves Mutant | -6/Factory Scavenger-Tank | -6/Waste Mutant | -6/Factory Gladiator | -5/Factory Scavenger-Gladiator | -5/Garrison Gladiator | -5/Factory Resources | -11 -10 -9 -8 -7 -7 -7 -7 -7 -7 -6 -6 -6 -6 -5 -5 -5 ----------- Run | Yrd Mat Mat Mat Fac Gar Fac Low Low Dat Pro Fac Was Fac Fac Gar Fac Matter Collected 5716 | 260 10 649 352 415 1322 270 498 8 . 432 53 624 343 102 301 77 Remotely . | . . . . . . . . . . . . . . . . . Salvage Created 11225 | . 87 1555 705 1081 2169 171 549 . . 490 184 912 1521 320 1186 295 Parts 538 | . 10 102 40 56 108 10 24 . . 31 10 13 62 9 53 10 Haulers Intercepted 17 | . . 3 3 5 . 1 . . . . . . 2 2 . 1 Recyclers Shooed 2 | . . . . . . . . . . . 1 . 1 . . . Parts Field Recycled . | . . . . . . . . . . . . . . . . . Retrieved Matter . | . . . . . . . . . . . . . . . . . Parts Self-Destructed 52 | . . . . . . . 23 . . 29 . . . . . . Prevented 1 | . . . . . . . 1 . . . . . . . . . Parts Restored . | . . . . . . . . . . . . . . . . . Kills | -11 -10 -9 -8 -7 -7 -7 -7 -7 -7 -6 -6 -6 -6 -5 -5 -5 ------- Run | Yrd Mat Mat Mat Fac Gar Fac Low Low Dat Pro Fac Was Fac Fac Gar Fac Combat Hostiles Destroyed 168 | . . 25 12 11 37 3 15 . . 14 3 1 20 2 22 3 Melee 24 | . . . . . . . . . . . . . 9 2 10 3 Guns 121 | . . 25 11 11 37 3 15 . . 5 3 1 10 . . . AOE 11 | . . . . . . . . . . 3 . . . . 8 . Classes Destroyed 21 | . 3 7 1 3 3 . 1 . . 1 . 1 . . 1 . Worker 14 | . 2 5 . 4 . . . . . . . . 2 . . 1 Builder 6 | . 2 3 . . . . . . . . . . 1 . . . Tunneler 4 | . 1 1 1 . . . . . . . . . 1 . . . Hauler 17 | . . 3 3 5 . 1 . . . . . . 2 2 . 1 Recycler 8 | . . 4 . 2 . . . . . . . . 2 . . . Mechanic 1 | . . . 1 . . . . . . . . . . . . . Operator 3 | . . . . 1 . . . . . . . . 1 1 . . Watcher 5 | . . 2 1 . . . . . . . . . . . 1 1 Swarmer 48 | . . 8 3 . 18 . 5 . . 3 . . 5 . 6 . Cutter 4 | . . . . . . . . . . . . . . . 4 . Grunt 60 | . . 10 6 6 9 . 7 . . 3 3 . 6 2 7 1 Brawler 1 | . . . . . . . 1 . . . . . . . . . Duelist 2 | . . 2 . . . . . . . . . . . . . . Protector 1 | . . . . . 1 . . . . . . . . . . . Sentry 24 | . . 5 3 3 5 1 1 . . 1 . . 3 . 2 . Demolisher 1 | . . . . . 1 . . . . . . . . . . . Specialist 5 | . . . . . 2 . . . . 3 . . . . . . Hunter 11 | . . . . 1 1 1 . . . 2 . . 4 . 1 1 Programmer 9 | . . . . 1 . 1 1 . . 1 . . 2 . 2 1 Behemoth 1 | . . . . . . . . . . 1 . . . . . . Compactor 1 | . . . . . . . . . . . . 1 . . . . Best Kill Streak 9 | . 4 9 4 6 5 2 4 . . 3 3 1 8 1 7 2 Combat Bots Only 7 | . . 4 3 4 5 2 4 . . 3 3 1 6 1 7 1 Max Kills in Single Turn 3 | . 1 2 2 2 2 1 3 . . 2 1 1 2 1 2 1 Gunslinging 2 | . . 1 1 . 1 . 2 . . . . . . . . . Exploded 2 | . . . . . . . . . . 2 . . . . 2 . Melee 1 | . . . . . . . . . . . . . 1 1 1 1 Uniques/NPCs Destroyed . | . . . . . . . . . . . . . . . . . Combat | -11 -10 -9 -8 -7 -7 -7 -7 -7 -7 -6 -6 -6 -6 -5 -5 -5 -------- Run | Yrd Mat Mat Mat Fac Gar Fac Low Low Dat Pro Fac Was Fac Fac Gar Fac Hostile Shots Fired 1196 | . . 80 91 94 166 15 45 . . 131 35 7 320 6 134 72 Missed 391 | . . 23 22 37 45 5 15 . . 39 9 . 112 3 52 29 Hits 805 | . . 57 69 57 121 10 30 . . 92 26 7 208 3 82 43 Melee 12 | . . 1 . . . . . . . . . 7 . . 4 . Projectile 793 | . . 56 69 57 121 10 30 . . 92 26 . 208 3 78 43 AOE 28 | . . . . . 6 . . . . . . . . . 4 18 Critical Strikes 24 | . . . 2 . . . 1 . . 4 . 2 12 . 3 . Part Disruptions 2 | . . . . . . . . . . 2 . . . . . . Damage Taken 14255 | . . 656 1737 632 1719 109 379 . . 1466 500 573 3078 57 1799 1550 Core 2408 | . . 24 353 108 112 15 32 . . 128 154 109 373 20 422 558 Absorbed by Shields 5 | . . . . . . . . . . . . . . . 5 . Reduced by Siege Mode 9 | . . . . . . . . . . . . . 9 . . . Redirected to Shielding 55 | . . . . . . . . . . . . 55 . . . . Core Remaining (%) 66 | 100 100 94 35 . . . . . . 43 . . 25 . . . Volleys Fired 362 | . 8 74 45 37 70 6 21 . . 31 6 14 34 . 14 2 Largest 4 | . 2 4 4 4 4 4 4 . . 4 3 2 4 . 1 1 Hottest 312 | . 100 191 202 178 164 106 106 . . 106 105 150 312 . 43 43 Shots Fired 1209 | . 16 263 156 145 276 25 84 . . 84 16 21 107 . 14 2 Gun 1165 | . 16 263 156 145 276 25 84 . . 66 16 14 104 . . . Cannon . | . . . . . . . . . . . . . . . . . Launcher 25 | . . . . . . . . . . 2 . 7 . . 14 2 Special 19 | . . . . . . . . . . 16 . . 3 . . . Kinetic 732 | . . 118 52 87 248 25 84 . . 66 16 . 36 . . . Thermal 433 | . 16 145 104 58 28 . . . . . . 14 68 . . . Explosive 9 | . . . . . . . . . . 2 . 7 . . . . Electromagnetic 16 | . . . . . . . . . . . . . . . 14 2 Robot Hit Streak 21 | . 8 10 12 12 19 8 11 . . 21 9 13 7 . 4 . Robot Miss Streak 11 | . 2 4 4 3 11 4 5 . . 4 1 1 4 . 2 . Penetration Max 1 | . . . . 1 1 . . . . . . . . . . . Secondary Targets 28 | . . 7 5 2 6 . 5 . . . 1 . 2 . . . Max Gunslinging Chain 2 | . . 1 1 1 1 . 2 . . . 1 . 1 . . . Shots Hit Robots 942 | . 9 145 95 101 202 21 62 . . 61 14 35 111 16 50 20 Core Hits 519 | . 5 56 30 55 158 20 60 . . 35 6 8 48 3 27 8 Critical Kills 2 | . . . . . . . . . . . . . . . 2 . Critical Parts Destroyed 7 | . . 1 . . 1 . . . . . . . 1 1 2 1 Critical Strikes 48 | . 1 12 4 1 4 . . . . . . 2 10 4 6 4 Burn 23 | . 1 11 4 1 . . . . . . . 1 5 . . . Destroy 2 | . . 1 . . 1 . . . . . . . . . . . Smash 7 | . . . . . . . . . . . . . 1 1 4 1 Sever 16 | . . . . . 3 . . . . . . 1 4 3 2 3 Melee Attacks 287 | . . . . . 47 10 . . . . . 23 69 20 89 29 Impact 89 | . . . . . . . . . . . . . 5 4 59 21 Slashing 194 | . . . . . 47 10 . . . . . 23 64 16 26 8 Piercing . | . . . . . . . . . . . . . . . . . Sneak Attacks 20 | . . . . . . 1 . . . . . . 10 3 5 1 Combat Hostiles . | . . . . . . . . . . . . . . . . . Follow-up Attacks 13 | . . . . . . . . . . . . . 4 2 5 2 Damage Inflicted 26519 | . 111 2326 1586 2076 6768 409 1235 . . 1209 357 1991 3741 916 2844 950 Guns 13618 | . 111 2326 1585 2076 3112 319 1235 . . 946 357 272 1279 . . . Cannons . | . . . . . . . . . . . . . . . . . Explosions 1787 | . . . . . . . . . . 263 . 672 . . 743 109 Melee 11113 | . . . . . 3656 90 . . . . . 1047 2462 916 2101 841 Ramming 1 | . . . 1 . . . . . . . . . . . . . Kinetic 8602 | . . 891 568 1293 2560 319 1235 . . 946 357 . 433 . . . Thermal 5016 | . 111 1435 1017 783 552 . . . . . . 272 846 . . . Explosive 935 | . . . . . . . . . . 263 . 672 . . . . Electromagnetic 852 | . . . . . . . . . . . . . . . 743 109 Impact 2438 | . . . . . . . . . . . . . 152 141 1512 633 Slashing 8675 | . . . . . 3656 90 . . . . . 1047 2310 775 589 208 Piercing . | . . . . . . . . . . . . . . . . . Highest Corruption 54 | . . . 1 . . 2 2 2 2 4 . . 2 . 53 54 Average Corruption 7 | . . . 1 . . 1 2 2 2 3 . . 1 . 29 53 Corruption Purged . | . . . . . . . . . . . . . . . . . Corruption Blocked . | . . . . . . . . . . . . . . . . . Effects 136 | . . . . . . 1 18 10 4 51 . . 5 . 26 21 Message Errors 32 | . . . . . . . 2 2 . 13 . . 2 . 9 4 Matter Fused 30 | . . . . . . . 6 1 . 13 . . 1 . 3 6 Heat Flow Errors 17 | . . . . . . . 5 1 1 4 . . . . 4 2 Energy Discharges 16 | . . . . . . . 2 1 1 7 . . . . 3 2 Parts Rejected 2 | . . . . . . . 1 . . . . . . . . 1 Parts Fused 2 | . . . . . . . . . . 2 . . . . . . Data Loss (minor) 17 | . . . . . . . 2 2 1 6 . . 1 . 3 2 Data Loss (major) 6 | . . . . . . . . 2 . 1 . . . . 3 . Misfires 5 | . . . . . . 1 . . . 4 . . . . . . Alerts 7 | . . . . . . . . 1 1 1 . . 1 . 1 2 Misdirections 2 | . . . . . . . . . . . . . . . . 2 Overload Shots . | . . . . . . . . . . . . . . . . . Overflow Damage 1192 | . . . . . 65 . . . . 13 . 88 355 103 392 176 Projectiles . | . . . . . . . . . . . . . . . . . Explosions 52 | . . . . . . . . . . 13 . 39 . . . . Melee 1140 | . . . . . 65 . . . . . . 49 355 103 392 176 Knockbacks 10 | . . . . . . . . . . . . . . . 5 5 Impact 10 | . . . . . . . . . . . . . . . 5 5 Kinetic . | . . . . . . . . . . . . . . . . . Secondary . | . . . . . . . . . . . . . . . . . Self-Inflicted Damage 527 | . . . . . 131 . . . . . . 289 . . 65 42 Shots 14 | . . . . . 2 . . . . . . 6 . . 4 2 Rammed 1 | . . . 1 . . . . . . . . . . . . . Targets Rammed 1 | . . . 1 . . . . . . . . . . . . . Kicked . | . . . . . . . . . . . . . . . . . Crushed . | . . . . . . . . . . . . . . . . . Highest Temperature 517 | . 117 517 465 367 347 74 264 228 216 444 168 117 430 . 202 129 Average Temperature 119 | . 44 160 150 115 93 34 91 114 111 102 95 38 176 . 63 64 Received Heat Transfer 3048 | . . 180 270 234 297 6 147 . . 534 195 . 774 27 231 153 Effects 25 | . . 15 2 1 2 . 1 . . 1 . . 3 . . . Shutdowns 5 | . . 3 1 . . . . . . . . . 1 . . . Energy Bleed 3 | . . 1 . . 1 . 1 . . . . . . . . . Interference 13 | . . 8 1 . 1 . . . . 1 . . 2 . . . Matter Decay 2 | . . 1 . 1 . . . . . . . . . . . . Short Circuit 2 | . . 2 . . . . . . . . . . . . . . Siege Activations 1 | . . . . . . . . . . . . . 1 . . . Total Turns 7 | . . . . . . . . . . . . . 7 . . . Longest Duration 7 | . . . . . . . . . . . . . 7 . . . Martial Activations . | . . . . . . . . . . . . . . . . . Shielding Activations . | . . . . . . . . . . . . . . . . . Robots Disrupted 1 | . . . . . . . . . . . . . . . 1 . Combat Hostiles 1 | . . . . . . . . . . . . . . . 1 . Robots Corrupted 8 | . . . . . . . . . . . . . 1 1 5 1 Combat Hostiles 5 | . . . . . . . . . . . . . . . 5 . Parts Fried 16 | . . . . . . . . . . . . . 1 . 13 2 Impact Corruptions 25 | . . . . . . . . . . . . . 3 1 15 6 Robots Melted 1 | . . . 1 . . . . . . . . . . . . . Combat Hostiles 1 | . . . 1 . . . . . . . . . . . . . Parts Melted 28 | . 1 9 8 3 . . . . . . 1 . 6 . . . Heat Transferred 12643 | . 407 4107 2664 1847 1250 . . . . . . 555 1813 . . . Parts Sabotaged . | . . . . . . . . . . . . . . . . . Parts Stolen . | . . . . . . . . . . . . . . . . . Parts Stripped . | . . . . . . . . . . . . . . . . . Power Chain Reactions 2 | . . . . . . . . . . . . . . . 2 . Alert | -11 -10 -9 -8 -7 -7 -7 -7 -7 -7 -6 -6 -6 -6 -5 -5 -5 ------- Run | Yrd Mat Mat Mat Fac Gar Fac Low Low Dat Pro Fac Was Fac Fac Gar Fac Maximum Alert Level 4 | . . 1 . . 4 3 . . . . . . . . 3 2 Low Security (%) 58 | 100 100 49 100 100 9 . . . . . 100 100 100 100 8 . Level 1 10 | . . 50 . . 19 . . . . . . . . . 11 . Level 2 19 | . . . . . 30 93 . . . . . . . . 35 100 Level 3 8 | . . . . . 26 6 . . . . . . . . 44 . Level 4 2 | . . . . . 14 . . . . . . . . . . . Level 5 . | . . . . . . . . . . . . . . . . . High Security . | . . . . . . . . . . . . . . . . . Max Security . | . . . . . . . . . . . . . . . . . Peak Influence 1390 | . 16 369 148 81 1390 729 . . . . 61 11 134 47 1080 630 Initial 729 | . . . 148 42 25 729 . . . . . 11 . 34 18 567 Average 271 | . 1 161 43 29 674 533 . . . . 4 . 58 16 622 595 Influence Increases 6239 | . 26 775 415 389 1455 118 370 . . 310 72 19 638 120 1282 250 Destroy 0b10 Robot/C 3580 | . . 500 240 220 720 60 300 . . 280 60 . 400 40 660 100 Destroy 0b10 Robot/NC 360 | . 25 90 30 60 60 5 . . . . . . 45 15 10 20 Destroy Leader 570 | . . 120 68 58 30 32 40 . . 30 10 . 104 4 50 24 Allied During Kill 76 | . . . . . . . . . . . . . . . 64 12 Successful Hack 74 | . . . . 4 14 12 . . . . . . 8 12 . 24 Disable Machine 180 | . . 45 . 30 15 . . . . . . . 15 . 45 30 Anti-Garrison Action 750 | . . . . . 500 . . . . . . . . . 250 . Destroy Structure 334 | . 1 5 2 2 86 9 . . . . 2 19 6 4 158 40 Partial Spotted 15 | . . . . . . . . . . . . . 15 . . . Lose Combat Pursuer 300 | . . 15 75 15 30 . 30 . . . . . 45 45 45 . Influence Decreases 5732 | . 26 424 673 445 102 1077 667 134 . 310 40 51 568 163 229 823 Entered New Map 1693 | . . . 203 51 12 661 161 26 . . . 21 . 36 9 513 Time Decay 3139 | . 26 374 340 384 . 416 486 108 . 280 20 20 418 117 . 150 Lost Part 780 | . . 50 130 10 90 . 20 . . 30 20 10 150 10 120 140 Lost Ally 120 | . . . . . . . . . . . . . . . 100 20 Squads Dispatched 21 | . . 1 3 5 . 5 . . . . . . 5 2 . . Investigation 1 | . . . . . . 1 . . . . . . . . . . Extermination 6 | . . . . 2 . 1 . . . . . . 3 . . . Reinforcement 11 | . . 1 3 1 . 2 . . . . . . 2 2 . . Assault 1 | . . . . . . 1 . . . . . . . . . . Garrison 2 | . . . . 2 . . . . . . . . . . . . Intercept . | . . . . . . . . . . . . . . . . . Searches Triggered . | . . . . . . . . . . . . . . . . . Construction Impeded 2 | . . . . . . 1 . . . . . . 1 . . . Haulers Reinforced 3 | . . . . 1 . . . . . . . . 1 1 . . Active Scanning Responses . | . . . . . . . . . . . . . . . . . Cargo Convoy Interrupts . | . . . . . . . . . . . . . . . . . Stealth | -11 -10 -9 -8 -7 -7 -7 -7 -7 -7 -6 -6 -6 -6 -5 -5 -5 --------- Run | Yrd Mat Mat Mat Fac Gar Fac Low Low Dat Pro Fac Was Fac Fac Gar Fac Distress Signals 7 | . . 2 2 1 . . . . . . . . . . . 2 Communications Jammed . | . . . . . . . . . . . . . . . . . Distress Signals . | . . . . . . . . . . . . . . . . . Times Spotted 234 | . . 30 20 21 40 5 17 . . 14 3 1 33 6 33 11 Peak Tracking Total 7 | . 1 5 4 3 6 2 3 . . 3 3 1 6 3 7 4 Tactical Retreats 15 | . . 1 5 1 2 . 1 . . . . . 2 1 2 . Traps | -11 -10 -9 -8 -7 -7 -7 -7 -7 -7 -6 -6 -6 -6 -5 -5 -5 ------- Run | Yrd Mat Mat Mat Fac Gar Fac Low Low Dat Pro Fac Was Fac Fac Gar Fac Traps Triggered 11 | . . 1 2 . 3 1 . . . . 1 . 1 . 1 1 Indirectly . | . . . . . . . . . . . . . . . . . Trap Hack Attempts . | . . . . . . . . . . . . . . . . . Triggered . | . . . . . . . . . . . . . . . . . Disarmed . | . . . . . . . . . . . . . . . . . Reprogrammed . | . . . . . . . . . . . . . . . . . Reused . | . . . . . . . . . . . . . . . . . Traps Extracted . | . . . . . . . . . . . . . . . . . Installed . | . . . . . . . . . . . . . . . . . Triggered . | . . . . . . . . . . . . . . . . . Machines | -11 -10 -9 -8 -7 -7 -7 -7 -7 -7 -6 -6 -6 -6 -5 -5 -5 ---------- Run | Yrd Mat Mat Mat Fac Gar Fac Low Low Dat Pro Fac Was Fac Fac Gar Fac Machines Disabled 26 | . . 3 . 2 9 . . . . 1 . . 1 . 8 2 Max in Single Turn 2 | . . 1 . 1 2 . . . . 1 . . 1 . 1 1 Garrison Access 1 | . . . . . . 1 . . . . . . . . . . Garrison Relay 9 | . . . . . 4 . . . . . . . . . 5 . Phase Generator 1 | . . . . . 1 . . . . . . . . . . . Machines Repaired . | . . . . . . . . . . . . . . . . . Machines Dismantled . | . . . . . . . . . . . . . . . . . Machines Sabotaged . | . . . . . . . . . . . . . . . . . Overloaded Fab Kills . | . . . . . . . . . . . . . . . . . Hacking | -11 -10 -9 -8 -7 -7 -7 -7 -7 -7 -6 -6 -6 -6 -5 -5 -5 --------- Run | Yrd Mat Mat Mat Fac Gar Fac Low Low Dat Pro Fac Was Fac Fac Gar Fac Machines Accessed 16 | . . 1 . 2 1 3 . . 3 . . . 1 2 2 1 Terminals 6 | . . 1 . 1 1 . . . . . . . . 1 2 . Fabricators 1 | . . . . . . 1 . . . . . . . . . . Repair Stations . | . . . . . . . . . . . . . . . . . Recycling Units . | . . . . . . . . . . . . . . . . . Scanalyzers 3 | . . . . . . 1 . . . . . . 1 . . 1 Garrison Access 3 | . . . . 1 . 1 . . . . . . . 1 . . Total Hacks 48 | . . 2 . 3 1 9 . . 18 . . . 2 4 5 4 Successful 30 | . . . . 2 1 2 . . 18 . . . 2 2 1 2 Failed 17 | . . 2 . 1 . 6 . . . . . . . 2 4 2 Catastrophic 4 | . . 1 . 1 . 1 . . . . . . . . 1 . Database Lockouts 1 | . . . . . . 1 . . . . . . . . . . Manual 5 | . . 2 . 1 . . . . . 1 . . . 1 . . Terminals 11 | . . 2 . 2 1 . . . . . . . . 1 5 . Fabricators 4 | . . . . . . 4 . . . . . . . . . . Repair Stations . | . . . . . . . . . . . . . . . . . Recycling Units . | . . . . . . . . . . . . . . . . . Scanalyzers 9 | . . . . . . 3 . . . . . . 2 . . 4 Garrison Access 6 | . . . . 1 . 2 . . . . . . . 3 . . Terminal Hacks 21 | . . . . 1 1 . . . 18 . . . . . 1 . Record 2 | . . . . 1 . . . . 1 . . . . . . . Part Schematic 10 | . . . . . . . . . 10 . . . . . . . Robot Schematic 4 | . . . . . . . . . 4 . . . . . . . Prototype ID Bank 3 | . . . . . . . . . 3 . . . . . . . Garrison Registry 1 | . . . . . . . . . . . . . . . 1 . Patrol Navigation 1 | . . . . . 1 . . . . . . . . . . . Fabricator Hacks . | . . . . . . . . . . . . . . . . . Repair Station Hacks . | . . . . . . . . . . . . . . . . . Recycling Unit Hacks . | . . . . . . . . . . . . . . . . . Scanalyzer 5 | . . . . . . 1 . . . . . . 2 . . 2 Insert Component 2 | . . . . . . . . . . . . . 1 . . 1 Analyze 2 | . . . . . . . . . . . . . 1 . . 1 Retrieve Study 1 | . . . . . . 1 . . . . . . . . . . Garrison Access Hacks 3 | . . . . 1 . 1 . . . . . . . 1 . . Unlock Access 2 | . . . . 1 . . . . . . . . . 1 . . Seal Access 1 | . . . . . . 1 . . . . . . . . . . Unauthorized Hacks 1 | . . . . . . . . . . . . . . 1 . . Terminals 1 | . . . . . . . . . . . . . . 1 . . Assimilate 1 | . . . . . . . . . . . . . . 1 . . Fabricators . | . . . . . . . . . . . . . . . . . Repair Stations . | . . . . . . . . . . . . . . . . . Recycling Units . | . . . . . . . . . . . . . . . . . Scanalyzers . | . . . . . . . . . . . . . . . . . Garrison Access . | . . . . . . . . . . . . . . . . . Data Cores Recovered 2 | . . . . 1 . . . . . . . . 1 . . . Used . | . . . . . . . . . . . . . . . . . Hacking Detections 10 | . . 1 . 1 . 2 . . . . . . 1 2 2 1 Full Trace Events 1 | . . . . . . 1 . . . . . . . . . . Feedback Events . | . . . . . . . . . . . . . . . . . Feedback Blocked . | . . . . . . . . . . . . . . . . . Robot Schematics Acquired 4 | . . . . . . . . . 4 . . . . . . . Robots Built . | . . . . . . . . . . . . . . . . . Authchips . | . . . . . . . . . . . . . . . . . Time . | . . . . . . . . . . . . . . . . . Total Robot Build Rating . | . . . . . . . . . . . . . . . . . Part Schematics Acquired 12 | . . . . . . . . . 10 . . . 1 . . 1 Parts Built . | . . . . . . . . . . . . . . . . . Authchips . | . . . . . . . . . . . . . . . . . Time . | . . . . . . . . . . . . . . . . . Total Part Build Rating . | . . . . . . . . . . . . . . . . . Part Studies Acquired 1 | . . . . . . 1 . . . . . . . . . . Parts Repaired . | . . . . . . . . . . . . . . . . . Time . | . . . . . . . . . . . . . . . . . Parts Recycled . | . . . . . . . . . . . . . . . . . Recycled Matter . | . . . . . . . . . . . . . . . . . Retrieved Matter . | . . . . . . . . . . . . . . . . . Retrieved Components . | . . . . . . . . . . . . . . . . . Parts Scanalyzed 2 | . . . . . . . . . . . . . 1 . . 1 Part Schematics Acquired 2 | . . . . . . . . . . . . . 1 . . 1 Parts Damaged . | . . . . . . . . . . . . . . . . . Bothacking | -11 -10 -9 -8 -7 -7 -7 -7 -7 -7 -6 -6 -6 -6 -5 -5 -5 ------------ Run | Yrd Mat Mat Mat Fac Gar Fac Low Low Dat Pro Fac Was Fac Fac Gar Fac Used RIF Installer . | . . . . . . . . . . . . . . . . . Robots Hacked 1 | . . . . . . . . . . . . . . . 1 . Non-combat . | . . . . . . . . . . . . . . . . . Combat . | . . . . . . . . . . . . . . . . . Robot Hacks Applied . | . . . . . . . . . . . . . . . . . Manual 1 | . . . . . . . . . . . . . . . 1 . Relay Couplers Released 34 | . . . . . 17 . . . . . . . . . 17 . Machine Destruction 34 | . . . . . 17 . . . . . . . . . 17 . Fabnet Peak Effective % . | . . . . . . . . . . . . . . . . . Robots Rewired 7 | . . . . . . . . . . . . . . . 7 . Allies Hacked . | . . . . . . . . . . . . . . . . . Hacks Repelled . | . . . . . . . . . . . . . . . . . Allies | -11 -10 -9 -8 -7 -7 -7 -7 -7 -7 -6 -6 -6 -6 -5 -5 -5 -------- Run | Yrd Mat Mat Mat Fac Gar Fac Low Low Dat Pro Fac Was Fac Fac Gar Fac Total Allies 8 | . . . . . . . . . . . . . . . 8 . Largest Group 6 | . . . . . . . . . . . . . . . 6 1 Highest-Rated Group 201 | . . . . . . . . . . . . . . . 201 116 Highest-Rated Ally 116 | . . . . . . . . . . . . . . . 116 116 Initial Warlord ECA Mod 17 | . . . . . . 10 10 10 10 9 9 9 9 8 8 17 Total Orders . | . . . . . . . . . . . . . . . . . Ally Attacks 56 | . . . . . . . . . . . . . . . 46 10 Total Damage 1868 | . . . . . . . . . . . . . . . 1331 537 Kills 14 | . . . . . . . . . . . . . . . 11 3 Allies Corrupted . | . . . . . . . . . . . . . . . . . Allies Melted . | . . . . . . . . . . . . . . . . . Intel | -11 -10 -9 -8 -7 -7 -7 -7 -7 -7 -6 -6 -6 -6 -5 -5 -5 ------- Run | Yrd Mat Mat Mat Fac Gar Fac Low Low Dat Pro Fac Was Fac Fac Gar Fac Active Infowar (turns) 186 | . . . 186 . . . . . . . . . . . . . Machine Analysis 186 | . . . 186 . . . . . . . . . . . . . Robot Analysis Total . | . . . . . . . . . . . . . . . . . Derelict Logs Recovered 2 | . . . . . . . . 1 . 1 . . . . . . Drone Launches . | . . . . . . . . . . . . . . . . . Drone Recoveries . | . . . . . . . . . . . . . . . . . Exploration | -11 -10 -9 -8 -7 -7 -7 -7 -7 -7 -6 -6 -6 -6 -5 -5 -5 ------------- Run | Yrd Mat Mat Mat Fac Gar Fac Low Low Dat Pro Fac Was Fac Fac Gar Fac Turns Passed 15952 | 67 197 1254 1111 1204 2031 1017 1274 702 177 2714 306 1067 1299 351 871 310 Spaces Moved 7746 | 57 131 633 382 456 926 541 580 295 92 616 27 570 857 495 816 272 Core 135 | 1 . . 1 . . . . . . 59 17 23 32 . . 2 Treads 4242 | . . . 165 456 791 541 580 295 92 557 . 514 251 . . . Legs 43 | . . . . . . . . . . . 10 33 . . . . Wheels 1171 | 56 131 633 216 . 135 . . . . . . . . . . . Hover 2155 | . . . . . . . . . . . . . 574 495 816 270 Flight . | . . . . . . . . . . . . . . . . . Fastest Speed 50 | 50 100 130 116 230 155 160 163 238 158 238 120 50 50 52 59 53 Average Speed 165 | 99 126 142 219 231 177 162 205 238 186 378 1041 151 101 52 59 61 Slowest Speed 1800 | 100 130 215 1350 232 240 163 238 238 238 1800 1650 160 170 59 66 350 Overloaded Moves . | . . . . . . . . . . . . . . . . . Propulsion Burnouts . | . . . . . . . . . . . . . . . . . Robots Hopped . | . . . . . . . . . . . . . . . . . Potential Cave-ins . | . . . . . . . . . . . . . . . . . Cave-ins Triggered . | . . . . . . . . . . . . . . . . . Exploration Rate (%) 44 | 4 35 60 27 16 88 24 81 54 70 70 1 97 30 12 78 10 Regions Visited 16 Branch Regions 4 Pre-discovered Areas 1 | . . . . . . . 1 . . . . . . . . . Known Exits Taken 8 | . . . . 1 . 1 1 1 1 1 . . 1 1 . . Unknown Exits Taken 4 | 1 1 1 1 . . . . . . . . . . . . . Scrap Searched 6 | . . . . . . . 2 1 . 3 . . . . . . Spaces Dug 17 | . . . . . . 9 . . . . . . 3 2 . 3 Terrain Destroyed 212 | . . . . . 126 9 . . . 30 1 25 3 2 13 3 Melee 17 | . . . . . . 9 . . . . . . 3 2 . 3 Projectile 3 | . . . . . 1 . . . . 1 1 . . . . . AOE 192 | . . . . . 125 . . . . 29 . 25 . . 13 . Terrain Rammed . | . . . . . . . . . . . . . . . . . Walls Destroyed . | . . . . . . . . . . . . . . . . . Machines Disabled . | . . . . . . . . . . . . . . . . . Actions | -11 -10 -9 -8 -7 -7 -7 -7 -7 -7 -6 -6 -6 -6 -5 -5 -5 --------- Run | Yrd Mat Mat Mat Fac Gar Fac Low Low Dat Pro Fac Was Fac Fac Gar Fac Total 9699 | 64 146 805 561 543 1118 655 624 295 99 959 41 708 1110 558 1044 369 Wait 902 | . . 40 88 23 10 90 14 . 1 296 . 67 107 31 83 52 Move 7732 | 56 130 632 381 456 924 540 579 294 91 615 27 569 856 495 815 272 Hop . | . . . . . . . . . . . . . . . . . Pick Up 101 | 2 6 22 20 7 18 1 . . . . . 4 13 2 . 6 Fast Attach 65 | 6 1 4 2 . . 1 2 . 3 1 4 14 14 3 9 1 Attach 63 | . . 5 13 4 11 . 3 . . 9 3 2 3 2 3 5 Detach 12 | . 1 . . . 1 . 1 . 1 5 . . 1 . . 2 Swap 89 | . . 18 6 7 19 4 3 1 . 1 . 5 7 7 8 3 Drop 68 | . . 10 5 9 18 3 . . 3 1 1 7 9 2 . . Fire 362 | . 8 74 45 37 70 6 21 . . 31 6 14 34 . 14 2 Melee 261 | . . . . . 47 10 . . . . . 23 64 16 75 26 Ram 1 | . . . 1 . . . . . . . . . . . . . Kick . | . . . . . . . . . . . . . . . . . Crush . | . . . . . . . . . . . . . . . . . Escape Stasis 3 | . . . . . . . . . . . . . 2 . 1 . Rewire 40 | . . . . . . . 1 . . . . 3 . . 36 . Trap . | . . . . . . . . . . . . . . . . . Miscellaneous . | . . . . . . . . . . . . . . . . . Route ------- -11/Scrapyard -10/Materials -9/Materials (discovered 3 exits: [*Mat x2] / [*Min]) -8/Materials -7/Factory -7/Garrison (discovered 2 exits: *Fac x2) -7/Factory -7/Lower Caves -7/Lower Caves (discovered 2 exits: *Fac / *Dat) -7/Data Miner -6/Proximity Caves -6/Factory -6/Waste -6/Factory (discovered 2 exits: *Fac / *Low) -5/Factory (discovered 2 exits: Ext / Gar) -5/Garrison (discovered 3 exits: *Fac x3) -5/Factory (discovered 1 exit: [*Fac]) History --------- Turn | Location | Event 27 | -11/Scrapyard | Discovered new exit (range 16) 68 | -11/Scrapyard | Entered Materials 261 | -10/Materials | Discovered new exit (range 4) 265 | -10/Materials | Entered another Materials area 265 | -9/Materials | Evolved 2 slots: Weapon x2 563 | -9/Materials | Build established: Gunner 759 | -9/Materials | Discovered new exit (range 13) 1276 | -9/Materials | Build established: Scavenger-Gunner 1351 | -9/Materials | Discovered new exit (range 15) 1509 | -9/Materials | Discovered new exit (range 4) 1519 | -9/Materials | Entered another Materials area 1519 | -8/Materials | Evolved 2 slots: Propulsion x1, Utility x1 1643 | -8/Materials | Lost 9 parts (1p3n5w) 1719 | -8/Materials | Core integrity fell below 50% 1779 | -8/Materials | Lost 3 parts (1n2w) 1806 | -8/Materials | Met 7R-MNS 2619 | -8/Materials | Discovered new exit (range 6) 2630 | -8/Materials | Entered Factory 2630 | -7/Factory | Evolved 2 slots: Propulsion x1, Utility x1 2631 | -7/Factory | Caught up to 7R-MNS 2873 | -7/Factory | Garrison activated, responded to threat 3782 | -7/Factory | Garrison activated, responded to threat 3834 | -7/Factory | Identified exit to Garrison 3834 | -7/Factory | Entered Garrison 3968 | -7/Garrison | Triggered checkpoint 3998 | -7/Garrison | Garrison Relay disabled 4032 | -7/Garrison | Phase Generator disabled 4953 | -7/Garrison | Triggered checkpoint 4970 | -7/Garrison | Triggered checkpoint 5200 | -7/Garrison | Garrison Relay disabled 5302 | -7/Garrison | Triggered checkpoint 5342 | -7/Garrison | Lost 3 parts (1n2u) 5459 | -7/Garrison | Discovered new exit (range 11) 5510 | -7/Garrison | Triggered checkpoint 5581 | -7/Garrison | Discovered new exit (range 10) 5596 | -7/Garrison | Triggered checkpoint 5643 | -7/Garrison | Garrison Relay disabled 5680 | -7/Garrison | Garrison Relay disabled 5723 | -7/Garrison | Attempted to access garrison exit controls, blocked by remote lockdown 5865 | -7/Garrison | Entered Factory 6444 | -7/Factory | Build established: Gunner 6665 | -7/Factory | First assault squad dispatched 6691 | -7/Factory | Central database locked down 6858 | -7/Factory | Discovered new exit (range 10) 6872 | -7/Factory | Identified exit to Lower Caves 6882 | -7/Factory | Entered Lower Caves 6890 | -7/Lower Caves | Met a Warlord Commander 6891 | -7/Lower Caves | Learned location of Warlord (-4) 6892 | -7/Lower Caves | Warlord Commander delivered Encrypted Comm Array 6896 | -7/Lower Caves | Found Encrypted Comm Array 6919 | -7/Lower Caves | Build established: Scavenger-Gunner 6985 | -7/Lower Caves | Encountered a Warlord checkpoint 7340 | -7/Lower Caves | Attracted the attention of an 0b10 checkpoint 7627 | -7/Lower Caves | Build established: Gunner 8125 | -7/Lower Caves | Discovered new exit (range 14) 8154 | -7/Lower Caves | Identified exit to Lower Caves 8156 | -7/Lower Caves | Entered another Lower Caves area 8164 | -7/Lower Caves | Discovered new exit (range 7) 8176 | -7/Lower Caves | Identified exit to Factory 8422 | -7/Lower Caves | Identified exit to Data Miner 8858 | -7/Lower Caves | Entered Data Miner 8858 | -7/Data Miner | Discovered new exit (range 6) 8909 | -7/Data Miner | Met Data Miner 8978 | -7/Data Miner | Received God Mode back door access code from Data Miner 9033 | -7/Data Miner | Identified exit to Proximity Caves 9035 | -7/Data Miner | Entered Proximity Caves 9060 | -6/Proximity Caves | Acquired the password to a Derelict Tinkerer's latest research 9077 | -6/Proximity Caves | Found Prototype Special Weapon 9077 | -6/Proximity Caves | Identified Molecular Deconstructor 9293 | -6/Proximity Caves | Received a Behemoth hack from an annoying Tinkerer 10029 | -6/Proximity Caves | Core integrity fell below 50% 10034 | -6/Proximity Caves | Caught by Unaware searching for contraband prototypes 10164 | -6/Proximity Caves | Caught by Unaware searching for contraband prototypes 10346 | -6/Proximity Caves | Build established: Scavenger-Gunner 10587 | -6/Proximity Caves | Attracted the attention of an 0b10 checkpoint 10723 | -6/Proximity Caves | Spotted B-75 Beast 10775 | -6/Proximity Caves | Destroyed B-75 Beast 10805 | -6/Proximity Caves | Lost 5 parts (3n2w) 10901 | -6/Proximity Caves | Build established: Gunner 11246 | -6/Proximity Caves | Build established: Mutant 11617 | -6/Proximity Caves | Discovered exit to Factory (range 10) 11749 | -6/Proximity Caves | Entered Factory 11749 | -6/Factory | Evolved 2 slots: Propulsion x1, Utility x1 12055 | -6/Factory | Sucked down chute 12055 | -6/Factory | Entered Waste 12055 | -6/Waste | The area was eerily silent 12061 | -6/Waste | Lost 4 parts (2p2w) 12264 | -6/Waste | Murdered 3 allies 12484 | -6/Waste | Found Prototype Launcher 12484 | -6/Waste | Identified Mni. Smartbomb Launcher 12492 | -6/Waste | Discovered new exit (range 13) 12555 | -6/Waste | A Compactor rumbled back to life 12555 | -6/Waste | Crushed by Compactor (0 parts destroyed, 2 dropped) 12558 | -6/Waste | Crushed by Compactor (1 part destroyed) 12558 | -6/Waste | Spotted C-40 Crusher 12565 | -6/Waste | Identified exit to Factory 12588 | -6/Waste | Crushed by Compactor (1 part destroyed, 1 dropped) 12622 | -6/Waste | Lost 7 parts (1p1n2u3w) 12724 | -6/Waste | Destroyed C-40 Crusher 13122 | -6/Waste | Entered Factory 13297 | -6/Factory | Build established: Scavenger-Tank 13344 | -6/Factory | Lost 3 parts (1n1u1w) 13653 | -6/Factory | Core integrity fell below 50% 13729 | -6/Factory | Lost 7 parts (1p1n1u4w) 13799 | -6/Factory | Lost 3 parts (2n1u) 13993 | -6/Factory | Build established: Mutant 14268 | -6/Factory | Found Launcher Loader 14313 | -6/Factory | Discovered new exit (range 14) 14354 | -6/Factory | Identified exit to Lower Caves 14399 | -6/Factory | Discovered new exit (range 15) 14411 | -6/Factory | Identified exit to Factory 14421 | -6/Factory | Entered another Factory area 14421 | -5/Factory | Evolved 2 slots: Power x1, Propulsion x1 14422 | -5/Factory | Identified exit to Extension 14772 | -5/Factory | Identified exit to Garrison 14772 | -5/Factory | Entered Garrison 14823 | -5/Garrison | Triggered checkpoint 14825 | -5/Garrison | P-70 Sage assimilated allied Virus 6d 14831 | -5/Garrison | Garrison Relay disabled 14848 | -5/Garrison | Triggered checkpoint 14873 | -5/Garrison | Discovered new exit (range 62) 14873 | -5/Garrison | Discovered new exit (range 73) 14873 | -5/Garrison | Discovered new exit (range 26) 14886 | -5/Garrison | Garrison Relay disabled 14916 | -5/Garrison | Triggered checkpoint 14962 | -5/Garrison | Lost 4 allies 14967 | -5/Garrison | Destroyed 7 combat bots 15050 | -5/Garrison | Triggered checkpoint 15117 | -5/Garrison | Garrison Relay disabled 15122 | -5/Garrison | Lost 5 parts (1p2n1u1w) 15186 | -5/Garrison | Triggered checkpoint 15293 | -5/Garrison | System corruption reached 10% 15298 | -5/Garrison | System corruption reached 30% 15316 | -5/Garrison | Triggered checkpoint 15334 | -5/Garrison | Triggered checkpoint 15337 | -5/Garrison | Garrison Relay disabled 15364 | -5/Garrison | Spotted B-75 Beast 15377 | -5/Garrison | Befriended a Behemoth using the annoying Tinkerer's hack 15407 | -5/Garrison | Rewired B-86 Titan 15544 | -5/Garrison | Triggered checkpoint 15558 | -5/Garrison | Triggered checkpoint 15597 | -5/Garrison | Garrison Relay disabled 15643 | -5/Garrison | Entered Factory 15643 | -5/Factory | Accompanied by 1 ally 15826 | -5/Factory | Core integrity fell below 50% 15875 | -5/Factory | Build established: Gladiator 15915 | -5/Factory | Lost 3 parts (2n1w) 15929 | -5/Factory | Discovered new exit (range 10) 15948 | -5/Factory | Core integrity fell below 20% 15953 | -5/Factory | Destroyed by Y-64 Sentinel with KE Penetrator Last Messages --------------- 15941_ Gravmag System destroyed. 15941_ Imp. Proton Missile Launcher destroyed. 15942_ Launcher Loader destroyed. 15942_ Penetrated by Slug. 15942_ Cmb. Gravmag System destroyed. 15943_ The unstable cave ceiling collapses. 15943_ Gravmag Array destroyed. 15944_ The unstable cave ceiling collapses. 15944_ Penetrated by Slug. 15945_ D-63 Destroyer IFF system glitched. 15947_ Penetrated by Slug. 15948_ The unstable cave ceiling collapses. 15949_ Nuclear Reactor explodes. 15949_ Gravmag System destroyed. 15949_ Imp. Hacking Suite destroyed. 15950_ Slug penetrates Earth. 15951_ The unstable cave ceiling collapses. 15952_ RUNEVMMEYRCVTODAEJIE:I 15953_ The unstable cave ceiling collapses. 15953_ Penetrated by Slug. Map ----- +----------------------------------------------------+ | # #???????????????????????????????????? | | ####### #???????????????????????????????????? | | ??????# #???????????????????????????????????? | | ??????# #???????????????????????????????????? | | ??????## # ########????????????????????????????? | | ???????# #????????????????????????????? | | ???????# """""" #????????????????????????????? | | ???????# """""" #???? ???????????????????????? | | ???????# """""" #???? ###+###########????????? | | ???????# """""" #???? #????????? | | ???????# ! +?? "????????? | | ???????# """""" #?? F"???????? | | ???????# """""" #? "?????#?? | | ???????# """""" #? ? ""???? #?? | | ???????# """""" ###;;;## #????# ##? | | ???????# " % t #??? ?? | | ???????#] " "" %; #??? ??? | | ???????##"##########" "" ; ### < ??? | | ????????###????????##"S ;% # ??? | | ????????????????????#""" k # ????? | | ????????????????????# "" %# ##?#### | | ????????????????????# ! #%! ? | | ???????????????????## =*#??? | | ??????????????????## d % #??? | | ??????????????????# d #??? | | ??????????????????# @ # #??? | | ??????????????????## ????? | | ???????????????????# =%? | | ???????????????????## ## =? | | ????????????????????# # "? | | ????????????????????### # "?? | | ??????????????????????## Y""""" #?? ?? | | ???????????????????????### ## """ #????? | | ????????????????????????##### ## ] #????? | | ?????????????????????????????## """"" #????? | | ??????????????????????????????## """"" #????? | | ???????????????????????????????# """ #????? | | ???????????????????????????????# #????? | | ???????????????????????????????# #????? | | ???????????????????????????????? ""T"" !#????? | | ???????????????????????????????? ??""" #????? | | ????????????????????????????????#???#########????? | | ?????????????????????????????????????????????????? | | ?????????????????????????????????????????????????? | | ?????????????????????????????????????????????????? | | ?????????????????????????????????????????????????? | | ?????????????????????????????????????????????????? | | ?????????????????????????????????????????????????? | | ?????????????????????????????????????????????????? | | ?????????????????????????????????????????????????? | +----------------------------------------------------+ Best States ------------- Heat Dissipation 75 Coolant Potential 65 Energy Generation 34 Energy Capacity 500 Matter Stores 300 Matter Capacity 300 Sight Range 16 Terrain Scan Density 10 Armor Coverage 225 Propulsion Shielding 66 Weapon Cycling 15 Phase Shifting 5 Evasion (%) 64 Targeting Accuracy 8 Melee Accuracy 13 Core Analysis 6 Recoil Reduction 5 Kinecelleration 30 Offensive Hacking 24 Item Schematics ----------------- Combat Drone Bay | -7/Data Miner | Free Lgt. Regenerative Plating | -7/Data Miner | Free Biomechanical Wings | -7/Data Miner | Free Imp. Transmission Jammer | -7/Data Miner | Free Exp. Targeting Computer | -7/Data Miner | Free Com. Ion Cannon | -7/Data Miner | Free Mass Driver | -7/Data Miner | Free Med. Armored Exoskeleton | -7/Data Miner | Free Adv. System Shield | -7/Data Miner | Free Hvy. Disruptor Cannon | -7/Data Miner | Free Adv. Targeting Computer | -6/Factory | Scanalyzed Imp. Proton Missile Launcher | -5/Factory | Scanalyzed Robot Schematics ------------------ R-10 Processor | -7/Data Miner | Free H-55 Commando | -7/Data Miner | Free X-67 Chaingunner | -7/Data Miner | Free A-15 Conveyor | -7/Data Miner | Free Fabricated ------------ Nothing Repaired ---------- Nothing Studied --------- Flak Gun | -7/Factory | Hacked Alien Tech Used ----------------- None Achievements -------------- Bullet Installation Hammer Time I Like You, Cogmind Thread The Needle Around The Corner Woof! Challenges ------------ None Game ------ Seed SuspensionStructuralRipper Manual? 0 Play Time 01:43:19 Cumulative 167.7 hours Start 2026.03.07 @ 00:17:29 End 2026.03.07 @ 18:45:31 Sessions 3 Manual Loads 0 Difficulty Rogue Special Mode None Game No. 288 Rogue 288 Adventurer 0 Explorer 0 Win Type - Total 1 Types 1/0/0/0/0/0/0/0/0/0 Lore% 56 Gallery% 56 Achievement% 37 Wizard Run 0 Options --------- Layout 0 ASCII 0 Keyboard 1 Movement Numpad Keybinds 0 Fullscreen 2 Font 18/SmallcapsGlow Map View 76x50 Zoom Use 0% Tactical HUD 1 Map Filters NONE Filters NONE Steam 1 RUN: d7bf35c3-2f90-4b99-b0c3-ab9cf8380d68